 Dungeon Crawl Stone Soup version 0.30-a0-1161-g0704695555 (webtiles) character file.

Game seed: 14814908774093343319

191 ytrimaz the Ducker (level 5, 0/54 HPs)
             Began as an Octopode Fighter on Apr 27, 2023.
             Slain by an orc
             ... wielding a +0 club
              (3 damage)
             ... on level 3 of the Dungeon.
             The game lasted 00:02:39 (2082 turns).

ytrimaz the Ducker (Octopode Fighter)               Turns: 2082, Time: 00:02:40

Health: 0/54       AC: 22    Str: 15    XL:     5   Next: 70%
Magic:  5/5        EV:  2    Int: 11    God:
Gold:   312        SH: 10    Dex: 13    Spells: 4/4 levels left

rFire   . . .        l - +1 long sword (flame)
rCold   . . .        b - +0 buckler
rNeg    . . .        (helmet currently unavailable)
rPois   +            i - amulet of reflection
rElec   .            (no ring)
rCorr   .            (no ring)
SInv    .            (no ring)
Will    .....        (no ring)
Stlth   ++           (no ring)
HPRegen 0.29/turn    (no ring)
MPRegen 0.09/turn    (no ring)
                     (no ring)

%: reflection
@: tree-form
A: stationary, stasis, torment immunity, boosted hp, almost no armour,
(amphibious), 8 rings, (camouflage 1), (gelatinous body 1), (nimble swimmer 1),
(tentacles)
a: no special abilities


You were on level 3 of the Dungeon.
You were a tree.
You visited 1 branch of the dungeon, and saw 3 of its levels.

You collected 312 gold pieces.


Innate Abilities, Weirdness & Mutations

You are a tree.
Your roots penetrate the ground, keeping you stationary.
You cannot be teleported.
You are immune to unholy pain and torment.
Your maximum health is greatly increased.
You cannot wear most types of armour.
((You are amphibious.))
You can wear up to eight rings at the same time.
((Your skin changes colour to match your surroundings (Stealth+).))
((Your rubbery body absorbs attacks. (AC +1, EV +1)))
((You are camouflaged when in or above water. (Stealth+)))
((You have tentacles for arms and can constrict up to eight enemies at once.))


   Skills:
 - Level 3.0 Fighting
 - Level 2.7(3.2) Short Blades
 * Level 2.3(3.0) Long Blades
 * Level 4.3 Dodging
 + Level 1.0 Stealth
 - Level 4.0 Shields


You had 4 spell levels left.
You didn't know any spells.
Your spell library was empty.

Inventory:

Hand Weapons
 a - a +0 rapier
 l - a +1 long sword of flaming (weapon)
   (You found it on level 2 of the Dungeon)
Armour
 b - a +0 buckler (worn)
Jewellery
 i - an amulet of reflection (around neck)
   (You found it on level 1 of the Dungeon)
Wands
 k - a wand of flame (3)
   (You took it off Jessica on level 2 of the Dungeon)
Scrolls
 e - a scroll of fog {unknown}
 g - 3 scrolls of identify {unknown}
 j - 2 scrolls of vulnerability {unknown}
 m - a scroll of amnesia {unknown}
 o - a scroll of magic mapping {unknown}
 q - a scroll of fear {unknown}
 t - a scroll of noise {unknown}
Potions
 c - 2 potions of might
 d - a potion of ambrosia {unknown}
 f - 2 potions of lignification
 h - a potion of curing {unknown}
 n - a potion of attraction {unknown}
 p - a potion of degeneration {unknown}
 r - a potion of heal wounds {unknown}
 s - a potion of cancellation {unknown}

Dungeon Overview and Level Annotations

Branches:
Dungeon (3/15) Zot: 15893

Altars:
Qazlal

...... ......
.#............ ...#
............... ...#
............... ...#
...#...........
...########.............
.........>#+#...........
##......#...........#
.+......+......)♣...#
##......#.....)o)...#
+......#.....†.....#
#......#...........#
###.......#.........#
....................#
....................#
....................#
...........##....####


You could see an orc.


Message History

t - a scroll labelled XIKADO HER RENEU You now have 312 gold pieces (gained 12).
An adder comes into view.
An adder is nearby!
An adder is nearby!
An adder is nearby!
An adder is nearby!
An orc comes into view. It is wielding a +0 club.
The adder hisses angrily.
You hear a shout!
An orc comes into view. It is wielding a +0 hand axe. x2
The orc shouts!
An orc comes into view. It is wielding a +0 trident.
An orc comes into view. It is wielding a +0 flail.
You block the adder's attack. You block the orc's attack.
You closely miss the adder.
The orc shouts!
Your grab misses the adder. The adder barely misses you.
The orc closely misses you. You block the adder's attack.
You closely miss the adder. Your grab misses the adder.
You block the orc's attack. The orc closely misses you.
The adder barely misses you. The orc barely misses you.
The orc hits you with a +0 hand axe. The orc closely misses you.
The adder misses you. 😕 HP[-5]
You take 5 damage, and now have 31/36 hp.
You miss the adder. Your grab misses the adder. You squeeze the adder!
The adder closely misses you. The orc misses you. You block the orc's attack.
The orc hits you with a +0 hand axe. 😕 HP[-1]
You take 1 damage, and now have 30/36 hp.
You barely miss the adder. Your grab misses the adder. You squeeze the adder.
You kill the adder!
The orc closely misses you. You block the orc's attack. x2
The orc misses you.
The orc hits you with a +0 hand axe. 😮 HP[-3]
You take 3 damage, and now have 27/36 hp.
The orc attacks as you move away! You block the orc's attack.
The orc attacks as you move away! The orc barely misses you.
The orc hits you with a +0 club.
You see here an adder corpse. 😮 HP[-2]
You take 2 damage, and now have 25/36 hp.
You slash the orc! You burn the orc.
You kill the orc!
The orc closely misses you. The orc misses you. You block the orc's attack.
The orc closely misses you. 😮 HP[+1]
You block the orc's attack. x2; The orc hits you with a +0 club.
The orc closely misses you.
Things that are here:
a +0 hand axe; a +0 leather armour; 😮 HP[-1]
You take 1 damage, and now have 25/36 hp.
You are too injured to fight recklessly!
You are too injured to fight recklessly!
You hit the orc. You burn the orc. You grab the orc. You squeeze the orc.
You kill the orc!
You block the orc's attack. The orc hits you with a +0 club.
The orc hits you with a +0 hand axe.
* * * LOW HITPOINT WARNING * * *
The orc barely misses you. You block the orc's attack.
The orc misses you. 😨 HP[-7]
You take 7 damage, and now have 18/36 hp.
Unknown command.
The orc attacks as you move away! You block the orc's attack.
The orc hits you with a +0 trident.
* * * LOW HITPOINT WARNING * * *
The orc misses you.
You see here a +0 flail. 😨 HP[-5]
You take 5 damage, and now have 13/36 hp.
The orc attacks as you move away! The orc hits you with a +0 hand axe.
* * * LOW HITPOINT WARNING * * *
The orc hits you with a +0 trident!
* * * LOW HITPOINT WARNING * * *
😱 HP[-12]
You take 12 damage, and now have 1/36 hp.
MASSIVE DAMAGE!! (PAUSE) It was a potion of lignification.
You turn into a tree.
Your roots penetrate the ground.
The orc hits you but does no damage. x3 😱 HP[+1]
You now have 54 max hp (+18).
Okay, then.
Unknown command.
You slash the orc! You burn the orc.
You kill the orc!
The orc hits you but does no damage. You block the orc's attack.
Unknown command.
You barely miss the orc. The orc hits you but does no damage.
The orc hits you with a +0 hand axe.
* * * LOW HITPOINT WARNING * * *
Unknown command.
You hit the orc. You burn the orc.
You kill the orc!
You block the orc's attack. The orc hits you but does no damage.
Your Stealth skill increases to level 1!
Unknown command.
You closely miss the orc. The orc hits you but does no damage.
You closely miss the orc. The orc hits you with a +0 club.
You die...

Skill      XL: |  1  2  3  4  5 |
---------------+----------------+-----
Long Blades    | 1 2 |  2.3
Shields        | 4 |  4.0
Dodging        | 4 |  4.3
Stealth        | 1 |  1.0
Fighting       | |  3.0
Short Blades   | |  2.7

Action                     |  1- 3 |  4- 6 || total
---------------------------+-------+-------++-------
  Melee: Rapier            |    42 |       ||    42
         Constrict         |    16 |    12 ||    28
         Tentacles         |     9 |     8 ||    17
         Long sword        |     6 |    54 ||    60
    Use: Potion            |       |     1 ||     1
   Stab: Distracted        |     1 |       ||     1
         Sleeping          |     5 |     3 ||     8
 Armour: Skin              |     3 |     9 ||    12
  Dodge: Dodged            |    27 |    38 ||    65
  Block: Buckler           |     4 |    39 ||    43

Levels and vault maps discovered:
D:1:      scummos_arrival_star, layout_basic, minmay_vboxes
D:2:      cheibrodos_pilgrimage, layout_basic, minmay_pentomino_pile,
          uniq_jessica
D:3:      layout_basic, lemuel_round_altar, marbit_many_paths,
          ebering_ecumenical_altar_webs

Notes
Turn   | Place    | Note
-------+----------+-------------------------------------------
     0 | D:1      | ytrimaz the Octopode Fighter began the quest for the Orb.
     0 | D:1      | Reached XP level 1. HP: 16/16 MP: 1/1
     0 | D:1      | magus.rc [v1.9.6]
   116 | D:1      | Reached XP level 2. HP: 21/21 MP: 2/2
   533 | D:1      | Reached XP level 3. HP: 26/26 MP: 3/3
   754 | D:2      | Noticed Jessica
   756 | D:2      | Killed Jessica
   913 | D:2      | Reached XP level 4. HP: 11/31 MP: 4/4
  1282 | D:2      | Reached skill level 1 in Long Blades
  1282 | D:2      | Reached skill level 4 in Shields
  1300 | D:2      | Reached skill level 4 in Dodging
  1300 | D:2      | Reached XP level 5. HP: 30/36 MP: 5/5
  1928 | D:3      | Found a stormy altar of Qazlal.
  1932 | D:3      | Reached skill level 2 in Long Blades
  2076 | D:3      | HP: 1/36 [orc/+0 trident (9)]
  2081 | D:3      | Reached skill level 1 in Stealth
  2082 | D:3      | Slain by an orc

Vanquished Creatures
  2 orc priests (D:2)
  Jessica (D:2)
  3 gnolls (D:3)
  An adder (D:3)
  A worm (D:2)
  A dart slug (D:1)
  8 orcs
  5 ball pythons
  2 endoplasms
  2 giant cockroaches (D:3)
  5 hobgoblins
  4 quokkas
  6 bats
  6 frilled lizards
  3 goblins
  4 kobolds
  7 rats
61 creatures vanquished.

Table legend:
 A = Non-vault XP
 B = Vault XP
 C = Vault XP percentage of total XP
 D = Non-vault monster count
 E = Vault monster count
 F = Vault count percentage of total count
                 A         B        C        D         E       F
            +---------+---------+-------+---------+---------+-------
      Total |     126 |     148 |  54.0 |      45 |      16 |  26.2
            +---------+---------+-------+---------+---------+-------
        D:1 |      30 |      10 |  25.0 |      19 |       7 |  26.9
        D:2 |      16 |     138 |  89.6 |       9 |       9 |  50.0
        D:3 |      80 |       0 |   0.0 |      17 |       0 |   0.0
            +---------+---------+-------+---------+---------+-------

Skill      XL: |  1  2  3  4  5 |
---------------+----------------+-----
Long Blades    | 1 2 |  2.3
Shields        | 4 |  4.0
Dodging        | 4 |  4.3
Stealth        | 1 |  1.0
Fighting       | |  3.0
Short Blades   | |  2.7

Action                     |  1- 3 |  4- 6 || total
---------------------------+-------+-------++-------
  Melee: Rapier            |    42 |       ||    42
         Constrict         |    16 |    12 ||    28
         Tentacles         |     9 |     8 ||    17
         Long sword        |     6 |    54 ||    60
    Use: Potion            |       |     1 ||     1
   Stab: Distracted        |     1 |       ||     1
         Sleeping          |     5 |     3 ||     8
 Armour: Skin              |     3 |     9 ||    12
  Dodge: Dodged            |    27 |    38 ||    65
  Block: Buckler           |     4 |    39 ||    43

Illustrated notes

Table legend:
 A = Kills in this place as a percentage of kills in the entire game.
 B = Kills by you in this place as a percentage of kills by you in the entire game.
 C = Kills by friends in this place as a percentage of kills by friends in the entire game.
 D = Other kills in this place as a percentage of other kills in the entire game.
 E = Experience gained in this place as a percentage of experience gained in the entire game.
 F = Experience gained in this place divided by the number of levels of this place that you have seen.
                   A       B       C       D       E      F
               +-------+-------+-------+-------+-------+----------------------
         Total | 100.0 | 100.0 |   N/A |   N/A | 100.0 |  91.3
       Dungeon | 100.0 | 100.0 |   N/A |   N/A | 100.0 |  91.3
               +-------+-------+-------+-------+-------+----------------------

Table legend: (Time is in decaauts)
 A = Elapsed time spent in this place.
 B = Non-inter-level travel time spent in this place.
 C = Inter-level travel time spent in this place.
 D = Time resting spent in this place.
 E = Time spent auto-exploring this place.
 F = Levels seen in this place.
 G = Mean time per level.
                   A        B        C        D        E       F      G
               +--------+--------+--------+--------+--------+-----+--------+
         Total |   2105 |   2027 |     78 |      7 |   1595 |   3 |  701.7 |
       Dungeon |   2105 |   2027 |     78 |      7 |   1595 |   3 |  701.7 |
               +--------+--------+--------+--------+--------+-----+--------+

Top non-repeatable levels by time:
     D:2: 1169 daAuts
     D:1: 684 daAuts
     D:3: 251 daAuts
